 Dungeon Crawl Stone Soup version 0.28.0 (webtiles) character file.

Game seed: 16488969252595742180

14690 experimilk the Geomancer (level 11, -10/82 HPs)
             Began as a Grey Draconian Conjurer on Feb 16, 2022.
             Was a Believer of Vehumet.
             Mangled by Erolcha (16 damage)
             ... on level 10 of the Dungeon.
             The game lasted 00:59:05 (18329 turns).

experimilk the Geomancer (Grey Draconian Conjurer) Turns: 18329, Time: 00:59:05

Health: -10/82     AC: 14    Str:  9    XL:     11   Next: 92%
Magic:  14/22      EV: 13    Int: 36    God:    Vehumet [**....]
Gold:   72         SH:  0    Dex:  9    Spells: 5/25 levels left

rFire   . . .      SeeInvis .   K - +9 falchion of Gluttony {flame, rCorr}
rCold   . . .      Faith    .   (no shield)
rNeg    . . .      Spirit   .   (armour unavailable)
rPois   .          Reflect  .   (helmet restricted)
rElec   .          Harm     .   (no cloak)
rCorr   +          Rampage  .   d - +1 pair of gloves
Will    .....                   (no boots)
Stlth   ++........              E - amulet of the acrobat
HPRegen 0.23/turn               e - +6 ring of intelligence
MPRegen 0.18/turn               u - +6 ring of intelligence

@: brilliant, about to teleport, studying Earth Magic
A: AC +12, amphibious, unfitting armour, cold-blooded
a: Renounce Religion


You were on level 10 of the Dungeon.
You worshipped Vehumet.
Vehumet was pleased with you.
You visited 1 branch of the dungeon, and saw 11 of its levels.

You collected 611 gold pieces.
You spent 539 gold pieces at shops.

Inventory:

Hand Weapons
 a - a +0 spear
 j - a +0 whip of freezing
 v - the +1 dagger "Buammap" {vorpal, rElec rN+ Int+3}
   (You found it on level 8 of the Dungeon)

   It inflicts extra damage upon your enemies.
   Int:       It affects your intelligence (+3).
   rElec:     It insulates you from electricity.
   rN:        It protects you from negative energy.
 K - the +9 falchion of Gluttony (weapon) {flame, rCorr}
   (You bought it in a shop on level 10 of the Dungeon)

   It burns those it strikes, dealing additional fire damage.
   Big, fiery blades are also staple armaments of hydra-hunters.
   rCorr:     It protects you from acid and corrosion.
Missiles
 n - 3 throwing nets
Armour
 d - a +1 pair of gloves (worn)
Magical Staves
 f - a staff of death
 t - a staff of fire
Jewellery
 e - a +6 ring of intelligence (left hand)
 s - a ring of positive energy
 u - a +6 ring of intelligence (right hand)
 E - an amulet of the acrobat (around neck)
Wands
 b - a wand of paralysis (8)
 i - a wand of digging (17)
 m - a wand of acid (18)
 o - a wand of polymorph (5)
Scrolls
 h - a scroll of immolation
 k - a scroll of brand weapon {unknown}
 p - 2 scrolls of blinking {unknown}
 r - a scroll of amnesia
 x - a scroll of silence {unknown}
 y - a scroll of holy word {unknown}
 z - a scroll of magic mapping
 B - a scroll of teleportation
 F - 4 scrolls of enchant weapon
 G - a scroll of fog
 I - a scroll of identify
 J - a scroll of vulnerability {unknown}
Potions
 c - 2 potions of degeneration
 g - a potion of mutation
 l - 2 potions of attraction
 q - a potion of brilliance
 w - 2 potions of invisibility
 A - 4 potions of curing
 C - 2 potions of heal wounds
 H - a potion of might {unknown}
Miscellaneous
 D - a lightning rod (1/4)


   Skills:
 - Level 3.0 Fighting
 - Level 3.0(3.3) Short Blades
 - Level 2.2(3.0) Long Blades
 - Level 6.0 Dodging
 - Level 1.7 Stealth
 + Level 7.7 Spellcasting
 * Level 11.6 Conjurations
 - Level 3.0 Translocations
 * Level 14.8 Earth Magic
 - Level 3.0 Evocations


You had 5 spell levels left.
You knew the following spells:

 Your Spells              Type           Power      Damage    Failure   Level
a - Magic Dart            Conj           100%       1d8       1%          1
b - Searing Ray           Conj           100%       2d8       1%          2
c - Stone Arrow           Conj/Erth      100%       3d13      1%          3
d - Iskenderun's Mystic   Conj/Tloc      79%        2d16      1%          4
e - Lehudib's Crystal Sp  Conj/Erth      52%        10d12     63%         8
f - Passwall              Tmut/Erth      65%        N/A       1%          2

Your spell library contained the following spells:

 Spells                   Type           Power      Damage    Failure   Level
 Freeze                   Ice            80%        1d9       3%          1
 Foxfire                  Conj/Fire      100%       2x1d9     1%          1
 Shock                    Conj/Air       100%       1d9       1%          1
 Conjure Flame            Conj/Fire      70%        6-21      1%          3
 Dazzling Flash           Conj/Hex       100%       N/A       1%          3
 Flame Wave               Conj/Fire      70%        2d13      2%          4
 Fulminant Prism          Conj/Hex       35%        3d18      2%          4
 Ensorcelled Hibernation  Hex/Ice        40%        N/A       4%          2
 Portal Projectile        Hex/Tloc       74%        N/A       4%          3
 Inner Flame              Hex/Fire       20%        N/A       9%          3
 Swiftness                Air            20%        N/A       9%          3
 Airstrike                Air            10%        N/A       28%         4
 Blade Hands              Tmut           10%        N/A       63%         5
 Excruciating Wounds      Necr           10%        N/A       63%         5
 Animate Armour           Summ/Erth      Unusable   N/A       N/A         4

Dungeon Overview and Level Annotations

Branches:
Dungeon (11/15)            Temple (0/1) D:4
   Lair: D:8-11         Orc: D:9-12

Altars:
Dithmenos
Gozag
Vehumet

Shops:
D:7 [   D:10 (*   D:11 ?*(

Annotations:
D:5 Edmund, Grinder
D:10 Erolcha


Innate Abilities, Weirdness & Mutations

Your dull iron-grey scales are very hard. (AC +12)
You are amphibious.
You cannot fit into any form of body armour.
You are cold-blooded and may be slowed by cold attacks.


Message History

The centaur warrior zombie hits you.
The centaur warrior zombie kicks you but does no damage.
There is a stone staircase leading up here.
The centaur warrior zombie hits you but does no damage.
The centaur warrior zombie closely misses you.
Erolcha hits you with a +0 giant spiked club!
The centaur warrior zombie hits you but does no damage.
The centaur warrior zombie kicks you but does no damage.
You climb upwards.
There is a stone staircase leading down here.
Casting: Stone Arrow (safe; 1% risk of failure)
Confirm with . or Enter, or press ? or * to list all spells.
Aiming: Stone Arrow (safe; 1% risk of failure)
Press: ? - help, Shift-Dir - straight line, f - Erolcha
Aim: Erolcha, wielding a +0 giant spiked club and wearing a +0 robe (87% to hit)
The stone arrow hits Erolcha!
Erolcha is moderately wounded.
Erolcha hits you with a +0 giant spiked club!
Casting: Stone Arrow (safe; 1% risk of failure)
Confirm with . or Enter, or press ? or * to list all spells.
Aiming: Stone Arrow (safe; 1% risk of failure)
Press: ? - help, Shift-Dir - straight line, f/p - Erolcha
Aim: Erolcha, wielding a +0 giant spiked club and wearing a +0 robe (moderately wounded, 87% to hit)
The stone arrow misses Erolcha.
Erolcha hits you with a +0 giant spiked club.
Casting: Stone Arrow (safe; 1% risk of failure)
Confirm with . or Enter, or press ? or * to list all spells.
Aiming: Stone Arrow (safe; 1% risk of failure)
Press: ? - help, Shift-Dir - straight line, f/p - Erolcha
Aim: Erolcha, wielding a +0 giant spiked club and wearing a +0 robe (moderately wounded, 87% to hit)
The stone arrow hits Erolcha.
Erolcha is moderately wounded.
Erolcha hits you with a +0 giant spiked club!!
You feel clever all of a sudden.
Erolcha hits you with a +0 giant spiked club!!
* * * LOW HITPOINT WARNING * * *
As you read the scroll of teleportation, it crumbles to dust.
You feel strangely unstable.
Erolcha hits you with a +0 giant spiked club!
You die...

......# #.........#.......
......# #.........#.......
......##########........(########
....................#######......
...................##∩8∩8∩##.....
##########.........#.......#.....
.........#.........#8..8..8#.....
..#.#....#..########..._...#.####
...∩.....#..#...@..##.....##.#
..#.#....'..#....O..##'''##..#
.........#..'................#
##########..#................#
............#.....####..#'#..#
............#######..........####
.................................
....####..................#######
##### #..................#


You could see Erolcha.

Vanquished Creatures
  3 hydras
  Harold (D:7)
  4 two-headed ogres
  The ghost of croobank the Cleaver, a novice DrTm of Vehumet (D:10)
  Pikel (D:5)
  An ugly thing (D:10)
  5 gargoyles (D:10)
  A kobold demonologist (D:10)
  A troll (D:11)
  Prince Ribbit (D:5)
  A shadow (D:8)
  7 yaks (D:9)
  A wraith (D:10)
  A wyvern (D:8)
  2 steam dragons
  Menkaure (D:7)
  3 ice beasts
  3 orc warriors
  2 ogres (D:7)
  3 necrophages
  3 centaurs
  A lemure (D:5)
  3 kobold brigands
  A bullfrog (D:8)
  A water moccasin skeleton (D:6)
  5 killer bees
  A wight (D:7)
  An electric eel (D:9)
  9 centaur zombies
  A bullfrog zombie (D:6)
  A jelly (D:4)
  6 orc priests
  5 hounds
  2 bullfrog skeletons
  A gnoll shaman (D:9)
  2 centaur skeletons
  4 iguanas
  6 orc wizards
  A howler monkey skeleton (D:5)
  5 gnolls (D:9)
  6 adders
  A shadow imp (D:6)
  4 white imps
  An ufetubus (D:6)
  A worm (D:2)
  2 dart slugs (D:3)
  19 orcs
  3 bats
  14 endoplasms
  2 giant cockroaches
  2 goblins (D:4)
  8 hobgoblins
  2 jackals (D:5)
  A quokka (D:2)
  6 ball pythons
  6 frilled lizards
  17 kobolds
  6 rats
203 creatures vanquished.

Notes
Turn   | Place    | Note
-------+----------+-------------------------------------------
     0 | D:1      | experimilk the Draconian Conjurer began the quest for the
                  | Orb.
     0 | D:1      | Reached XP level 1. HP: 14/14 MP: 3/3
   288 | D:1      | Reached XP level 2. HP: 20/20 MP: 1/5
   395 | D:1      | Learned a level 2 spell: Searing Ray
   739 | D:1      | Found a faded altar of an unknown god.
  1118 | D:1      | Reached XP level 3. HP: 25/26 MP: 3/6
  1129 | D:1      | Learned a level 3 spell: Stone Arrow
  1778 | D:2      | Reached skill level 1 in Earth Magic
  1778 | D:2      | Reached XP level 4. HP: 33/33 MP: 2/7
  2618 | D:3      | Found a radiant altar of Vehumet.
  2631 | D:3      | Became a worshipper of Vehumet
  3068 | D:3      | Reached skill level 5 in Conjurations
  3613 | D:4      | Reached XP level 5. HP: 38/38 MP: 2/9
  3745 | D:4      | Reached skill level 2 in Earth Magic
  4143 | D:4      | Found a staircase to the Ecumenical Temple.
  4310 | D:4      | Noticed a necrophage
  4333 | D:4      | Killed a necrophage
  4334 | D:4      | Reached XP level 6. HP: 45/45 MP: 1/10
  4575 | D:5      | Entered Level 5 of the Dungeon
  4658 | D:5      | Reached skill level 3 in Earth Magic
  5013 | D:5      | Noticed Grinder
  5200 | D:5      | Learned a level 4 spell: Iskenderun's Mystic Blast
  5260 | D:5      | Noticed Edmund
  5756 | D:5      | Noticed Pikel
  5760 | D:5      | Noticed Prince Ribbit
  6240 | D:5      | Your scales start taking on a dull iron-grey colour.
  6240 | D:5      | Reached skill level 4 in Earth Magic
  6240 | D:5      | Reached XP level 7. HP: 50/50 MP: 5/12
  6393 | D:5      | Killed Pikel
  6394 | D:5      | Reached skill level 1 in Translocations
  6394 | D:5      | Reached skill level 5 in Earth Magic
  6685 | D:5      | Killed Prince Ribbit
  6686 | D:5      | Reached skill level 6 in Earth Magic
  6686 | D:5      | Reached XP level 8. HP: 57/57 MP: 1/14
  7577 | D:6      | Found a shadowy altar of Dithmenos.
  7721 | D:6      | Reached skill level 7 in Earth Magic
  7783 | D:6      | Reached * piety under Vehumet
  7783 | D:6      | Offered knowledge of Sandblast by Vehumet.
  9269 | D:7      | Reached XP level 9. HP: 62/62 MP: 12/16
  9334 | D:7      | Reached skill level 8 in Earth Magic
  9340 | D:7      | Reached skill level 5 in Spellcasting
  9567 | D:7      | Noticed Harold
  9578 | D:7      | Killed Harold
  9579 | D:7      | Reached skill level 9 in Earth Magic
  9979 | D:7      | Found Sini's Armour Emporium.
 10050 | D:7      | Noticed Menkaure
 10069 | D:7      | Killed Menkaure
 10157 | D:7      | Reached skill level 1 in Fighting
 10324 | D:7      | Noticed a two-headed ogre
 10343 | D:7      | Killed a two-headed ogre
 10344 | D:7      | Reached skill level 1 in Evocations
 10344 | D:7      | Reached XP level 10. HP: 54/72 MP: 9/19
 10763 | D:7      | Noticed a four-headed hydra
 10771 | D:7      | Killed a four-headed hydra
 10772 | D:7      | Reached skill level 10 in Earth Magic
 11223 | D:8      | Identified the +1 dagger "Buammap" {vorpal, rElec rN+
                  | Int+3}
 11289 | D:8      | Learned a level 8 spell: Lehudib's Crystal Spear
 12133 | D:9      | Reached skill level 1 in Short Blades
 12918 | D:8      | Reached skill level 11 in Earth Magic
 13196 | D:9      | Reached skill level 5 in Dodging
 13199 | D:9      | Reached skill level 10 in Conjurations
 13250 | D:9      | Noticed a two-headed ogre
 13584 | D:9      | Killed a two-headed ogre
 13716 | D:9      | Learned a level 2 spell: Passwall
 13716 | D:9      | Identified the +5 leather armour "Wutwogh" {Slay+2}
 14184 | D:10     | Entered Level 10 of the Dungeon
 14189 | D:10     | Reached XP level 11. HP: 81/82 MP: 9/21
 14333 | D:10     | Offered knowledge of Freeze by Vehumet.
 14398 | D:10     | Reached ** piety under Vehumet
 14537 | D:10     | Reached skill level 12 in Earth Magic
 14791 | D:10     | Noticed a two-headed ogre
 14796 | D:10     | Killed a two-headed ogre
 15343 | D:10     | Reached skill level 13 in Earth Magic
 15466 | D:10     | Found a runed translucent gate.
 15467 | D:10     | Found a runed translucent gate.
 15467 | D:10     | Found an opulent altar of Gozag.
 15468 | D:10     | Found a runed translucent gate.
 15469 | D:10     | Found Takikk's Assorted Antiques.
 15470 | D:10     | Noticed croobank's ghost (novice DrTm)
 15470 | D:10     | Noticed a six-headed hydra
 15471 | D:10     | Noticed an eight-headed hydra
 15825 | D:10     | Found Sioz's Antique Weapon Boutique.
 15833 | D:10     | Bought an ivory falchion for 176 gold pieces
 15833 | D:10     | Identified the +9 falchion of Gluttony {flame, rCorr} (You
                  | bought it in a shop on level 10 of the Dungeon)
 16978 | D:10     | Killed a seven-headed hydra
 17184 | D:10     | Killed a six-headed hydra
 17185 | D:10     | Reached skill level 1 in Long Blades
 17286 | D:10     | Bought a scroll of teleportation for 99 gold pieces
 17286 | D:10     | Bought a scroll of teleportation for 99 gold pieces
 17286 | D:10     | Bought a potion of heal wounds for 165 gold pieces
 17305 | D:11     | Noticed Erolcha
 17305 | D:11     | Noticed a two-headed ogre
 17390 | D:10     | Killed croobank's ghost
 17391 | D:10     | Reached skill level 14 in Earth Magic
 17801 | D:11     | Found Laxt's Magic Scroll Boutique.
 17801 | D:11     | Found Enyllax's General Store.
 17801 | D:11     | Found Xuismeoz's Antique Weapon Shop.
 17805 | D:11     | Noticed a boulder beetle
 17952 | D:11     | Noticed a cyan ugly thing
 18019 | D:10     | Killed a cyan ugly thing
 18216 | D:10     | Killed a two-headed ogre
 18329 | D:10     | Mangled by Erolcha

Illustrated notes

Levels and vault maps discovered:
D:1:      ebering_trefoil_3fold, layout_basic,
          shapermc_ecumenical_altar_mp_highgroup, minmay_misc_feat_hallway,
          minmay_tetromino_t2
D:2:      layout_loops_ring
D:3:      layout_basic, lemuel_doored_altar
D:4:      layout_loops_ring, minmay_temple_entry_statues
D:5:      layout_gridville, kennysheep_windowed_goal, uniq_prince_ribbit1,
          uniq_grinder, uniq_edmund, uniq_pikel
D:6:      layout_basic, kennysheep_little_box
D:7:      layout_loops_ring, serial_shops, nicolae_shop_hallway_stairs,
          minmay_manual_monstrance, uniq_menkaure, uniq_harold
D:8:      layout_basic
D:9:      layout_rooms, serial_curves, eino_curves_02, eino_curves_02,
          minmay_crystal_water
D:10:     cheibrodos_statue_roulette, layout_irregular_city, serial_shops,
          nicolae_shop_crystal, ebering_ghost_gozag
D:11:     layout_roguey, grunt_lair_entry_orc_guard_hut,
          kennysheep_orc_monster_closet_entryway, serial_shops,
          nicolae_stop_n_shop_1, shop, nicolae_shop_overgrown_old_shop,
          nicolae_shop_stone, shop_fountains, roderic_cross_of_infinity,
          chequers_serial_rivers_micro_b, st_stairs_9, nicolae_blasting_shop,
          uniq_erolcha

Skill      XL: |  1  2  3  4  5  6  7  8  9 10 11 |
---------------+----------------------------------+-----
Dodging        | 2 3 5 6 |  6.0
Earth Magic    | 1 2 4 6 7 9 11 14 | 14.8
Conjurations   | 5 6 7 8 9 10 11 | 11.6
Spellcasting   | 3 4 6 7 |  7.7
Translocations | 2 3 |  3.0
Fighting       | 1 3 |  3.0
Evocations     | 1 3 |  3.0
Short Blades   | 2 3 |  3.0
Long Blades    | 2 |  2.2
Stealth        | |  1.7

Action                   |  1- 3 |  4- 6 |  7- 9 | 10-12 || total
-------------------------+-------+-------+-------+-------++-------
Melee: Spear             |    26 |    15 |     4 |       ||    45
       Tailslap          |     3 |       |     5 |     2 ||    10
       Whip              |       |       |    40 |       ||    40
       Punch             |       |       |     1 |     2 ||     3
       Dagger            |       |       |       |     8 ||     8
       Falchion          |       |       |       |     4 ||     4
 Cast: Magic Dart        |    26 |    16 |    10 |       ||    52
       Searing Ray       |    15 |     7 |       |       ||    22
       Stone Arrow       |       |    54 |    87 |   157 ||   298
       Iskenderun's Myst |       |       |       |     4 ||     4
Evoke: Wand              |       |     1 |     6 |     6 ||    13
       Lightning rod     |       |       |       |     3 ||     3
  Use: Scroll            |       |     8 |     7 |     6 ||    21
       Potion            |       |     2 |     1 |     1 ||     4
Armor: Skin              |     9 |    12 |    61 |    61 ||   143
Dodge: Dodged            |    19 |    24 |    40 |    86 ||   169
